 Dungeon Crawl Stone Soup version 0.18-a0-19-g8b99b3a (webtiles) character file.

2197 tp1 the Destroyer (level 9, -8/45 HPs)
             Began as a Deep Elf Fire Elementalist on Nov 1, 2015.
             Was an Initiate of Vehumet.
             Killed by divine providence
             ... invoked by an orc priest
              (16 damage)
             ... on level 8 of the Dungeon.
             The game lasted 00:54:03 (8868 turns).

tp1 the Destroyer (Deep Elf Fire Elementalist)      Turns: 8868, Time: 00:54:06

Health: -8/45      AC:  3    Str:  5    XL:     9   Next: 12%
Magic:  11/20      EV: 13    Int: 24    God:    Vehumet [......]
Gold:   531        SH:  0    Dex: 15    Spells: 6 memorised, 2 levels left

rFire  . . .     SeeInvis .     F - -1 dagger (curse)
rCold  . . .     Clarity  .     a - +0 robe
rNeg   . . .     SustAt   .     (no shield)
rPois  .         Gourm    .     e - +0 helmet
rElec  .         Spirit   .     d - +0 cloak
rCorr  .         Warding  .     g - +1 pair of gloves
rMut   +         Stasis   .     m - +0 pair of boots
MR     .....                    A - amulet of resist mutation
Stlth  ++........               (no ring)
                                (no ring)

@: corroded equipment, very slightly contaminated, not resistant to hostile
enchantments, unstealthy
A: no striking features
a: Renounce Religion


You were on level 8 of the Dungeon.
You worshipped Vehumet.
Vehumet was noncommittal.
You were not hungry.

You visited 2 branches of the dungeon, and saw 9 of its levels.

You collected 531 gold pieces.

Inventory:

Hand Weapons
 F - a cursed -1 dagger (weapon)
Armour
 a - a +0 robe (worn)
 d - a +0 cloak (worn)
 e - a +0 helmet (worn)
 g - a +1 pair of gloves (worn)
 m - a +0 pair of boots (worn)
Jewellery
 r - an uncursed amulet of stasis
 y - an uncursed ring of protection from cold
 A - an amulet of resist mutation (around neck)
Wands
 p - a wand of fire (4)
 w - a wand of polymorph (9)
Scrolls
 f - a scroll of enchant weapon
 h - 2 scrolls of immolation
 i - a scroll of teleportation
 j - a scroll of enchant armour
 k - a scroll of magic mapping
 n - 5 scrolls of identify
 q - 3 scrolls of fog
 t - 3 scrolls of remove curse
 v - a scroll of amnesia
 C - a scroll of noise
Potions
 l - a potion of might
 o - a potion of haste
 x - 2 potions of agility
 z - a potion of lignification
 G - a potion of invisibility
Books
 b - a book of Flames

   Spells                             Type                      Level
   a - Flame Tongue                   Conjuration/Fire             1
   b - Throw Flame                    Conjuration/Fire             2
   c - Conjure Flame                  Conjuration/Fire             3
   d - Inner Flame                    Hexes/Fire                   3
   e - Sticky Flame                   Conjuration/Fire             4
   f - Fireball                       Conjuration/Fire             5
 B - the Handbook of the Soldier
   (You acquired it on level 6 of the Dungeon)

   Spells                             Type                      Level
   a - Flame Tongue                   Conjuration/Fire             1
   b - Throw Flame                    Conjuration/Fire             2
   c - Bolt of Magma                  Conjuration/Fire/Earth       5
   d - Fireball                       Conjuration/Fire             5
   e - Delayed Fireball               Conjuration/Fire             7
Comestibles
 c - a bread ration
 s - 5 meat rations
 u - 3 beef jerkies
 D - 3 slices of pizza


   Skills:
 - Level 2.4 Dodging
 - Level 2.4 Stealth
 - Level 6.0 Spellcasting
 + Level 9.3 Conjurations
 - Level 9.0 Fire Magic


You had 2 spell levels left.
You knew the following spells:

 Your Spells              Type           Power        Failure   Level  Hunger
a - Flame Tongue          Conj/Fire      #####        1%          1    None
b - Conjure Flame         Conj/Fire      ######..     1%          3    #......
c - Inner Flame           Hex/Fire       ####....     3%          3    #......
d - Sticky Flame          Conj/Fire      ######..     1%          4    ###....
e - Fireball              Conj/Fire      ######....   6%          5    #####..
f - Delayed Fireball      Conj/Fire      N/A          98%         7    #######


Dungeon Overview and Level Annotations

Branches:
Dungeon (8/15)             Temple (1/1) D:7
   Lair: D:8-11

Altars:
Ashenzari
Cheibriados
Dithmenos
Elyvilon
Fedhas
Gozag
Kikubaaqudgha
Makhleb
Nemelex Xobeh
Okawaru
Qazlal
Ru
Sif Muna
Trog
Vehumet
Xom
Yredelemnul
Zin
The Shining One

Shops:
D:6 }   D:7 *

Annotations:
D:3 Sigmund
D:4 Duffy's ghost, novice NaEn


Message History

Aiming: Flame Tongue
Press: ? - help, Shift-Dir - straight line, f - jelly, p - worker ant zombie
Aim: a jelly The flame tongue hits the jelly.
The jelly is heavily wounded.
The shadow imp barely misses you. The jelly hits you but does no damage.
The worker ant zombie closely misses you.
Casting: Flame Tongue
Confirm with . or Enter, or press ? or * to list all spells.
Aiming: Flame Tongue
Press: ? - help, Shift-Dir - straight line, f/p - jelly
Aim: a jelly (heavily wounded)
The flame tongue hits the jelly.
You kill the jelly!
Vehumet accepts your kill.
The orc priest shouts!
The shadow imp barely misses you.
The orc priest mumbles some strange prayers to Beogh against you.
Something smites you!
You die...

... ..... .. .##
..._. ##...=
p..... #...o.>
....##..o....
.##..#.... ..
##..#o.. #..
#...#.#
...#..#Z5.# #.#Z
#@.## .. #...
#.## ..
####..##.# .#
.........####.#
..........##..#
......(......###
............#..##
................#
................#


You could see 2 orc priests, a shadow imp, an orc and a worker ant zombie.

Vanquished Creatures
  2 hippogriffs
  2 orc warriors
  A water moccasin (D:3)
  An ogre (D:7)
  2 phantoms
  2 giant frogs
  A scorpion (D:4)
  4 hounds
  3 giant frog zombies
  A centaur skeleton (D:8)
  4 jellies
  3 orc priests
  Ijyb (D:2)
  A centaur zombie (D:5)
  7 orc wizards
  A worker ant (D:8)
  A gnoll shaman (D:5)
  2 iguanas
  A killer bee zombie (D:7)
  A hound zombie (D:7)
  A worker ant zombie (D:7)
  7 gnolls
  A shadow imp (D:8)
  10 adders
  A white imp (D:7)
  3 oozes
  4 worms
  An adder skeleton (D:5)
  29 orcs
  7 bats
  16 giant cockroaches
  9 goblins
  13 hobgoblins
  4 jackals (D:6)
  8 kobolds
  2 quokkas
  3 ball pythons
  A giant cockroach zombie (D:5)
  6 giant geckos
  5 giant newts
  A quokka skeleton (D:5)
  5 rats
178 creatures vanquished.

Notes
Turn   | Place    | Note
--------------------------------------------------------------
     0 | D:1      | tp1 the Deep Elf Fire Elementalist began the quest for the Orb.
     0 | D:1      | Reached XP level 1. HP: 10/10 MP: 6/6
   149 | D:1      | Reached XP level 2. HP: 15/15 MP: 2/8
   768 | D:1      | Reached XP level 3. HP: 19/19 MP: 7/9
   773 | D:1      | Learned a level 3 spell: Conjure Flame
   804 | D:1      | Learned a level 3 spell: Inner Flame
  1130 | D:2      | Reached skill level 4 in Spellcasting
  1279 | D:2      | Reached XP level 4. HP: 24/24 MP: 0/12
  1384 | D:2      | Noticed Ijyb
  1420 | D:2      | Killed Ijyb
  1420 | D:2      | Reached skill level 5 in Spellcasting
  1912 | D:2      | Found a sparkling altar of Nemelex Xobeh.
  2048 | D:2      | Reached skill level 6 in Spellcasting
  2185 | D:3      | Reached XP level 5. HP: 28/28 MP: 10/15
  2194 | D:3      | Learned a level 4 spell: Sticky Flame
  2200 | D:3      | Learned a level 5 spell: Fireball
  2221 | D:3      | Noticed a water moccasin
  2232 | D:3      | Killed a water moccasin
  2581 | D:3      | Found a shimmering altar of Xom.
  2692 | D:3      | Noticed Sigmund
  2715 | D:4      | Found a glowing drain.
  2721 | D:4      | You fall through a shaft for 2 floors!
  2745 | D:5      | Entered Level 5 of the Dungeon
  2775 | D:4      | Noticed Duffy's ghost (novice NaEn)
  2922 | D:4      | Noticed a phantom
  2934 | D:4      | Got a fabulously ornate robe
  2975 | D:4      | Reached skill level 5 in Conjurations
  2975 | D:4      | Reached XP level 6. HP: 28/32 MP: 10/17
  3359 | D:4      | Identified the +1 robe of Gozag's Whim {rPois Str+5 Int-3} (You found it on level 4 of the Dungeon)
  3511 | D:4      | Found a basalt altar of Yredelemnul.
  3818 | D:5      | Reached skill level 5 in Fire Magic
  3823 | D:5      | Reached XP level 7. HP: 36/36 MP: 4/18
  4170 | D:5      | Found a shattered altar of Ashenzari.
  4787 | D:6      | Found Biapt's Gadget Shop.
  5049 | D:6      | Found a shimmering altar of Xom.
  5124 | D:6      | Reached skill level 7 in Conjurations
  5124 | D:6      | Reached XP level 8. HP: 39/41 MP: 12/19
  5199 | D:6      | Identified a scroll of acquirement
  5201 | D:6      | Identified the Handbook of the Soldier (You acquired it on level 6 of the Dungeon)
  5210 | D:6      | Learned a level 7 spell: Delayed Fireball
  5765 | D:7      | Reached skill level 8 in Fire Magic
  5769 | D:7      | HP: 3/61 [worker ant zombie (3)]
  5784 | D:7      | Found a staircase to the Ecumenical Temple.
  5910 | Temple   | Entered the Ecumenical Temple
  6031 | Temple   | Became a worshipper of Vehumet
  6097 | D:7      | Found Oboteymp's General Store.
  6859 | D:7      | Reached skill level 9 in Fire Magic
  7488 | D:7      | Found Oboteymp's General Store.
  7506 | D:7      | Found a staircase to the Ecumenical Temple.
  7969 | D:7      | HP: 1/41 [shot self (12)]
  8565 | D:8      | Reached XP level 9. HP: 45/45 MP: 11/20
  8855 | D:8      | Found a glowing golden altar of the Shining One.
  8868 | D:8      | Killed from afar by an orc priest

Vault maps used:
D:1:      onia_arrival_mini_maze_b
D:2:      kennysheep_six_static_rooms, marbit_many_paths, uniq_iyjb
D:3:      tgw_xom, uniq_sigmund
D:4:      gup_sewer_entry_glass, yredelemnul_altar_generic
D:5:      first_bread, basic_altar
D:6:      serial_shops, nicolae_shop_stone, basic_altar, minmay_holes
D:7:      minmay_temple_entry_junction2, serial_shops, shop, grunt_decor_cap,
          dk_rats_in_the_wall
D:8:      tso_metal_star, grunt_livestock, jiyva_altar_1, uniq_pikel
Temple:   nicolae_temple_elliptical

Action                   |  1- 3 |  4- 6 |  7- 9 || total
-------------------------+-------+-------+-------++-------
Melee: Unarmed           |     6 |    13 |     7 ||    26
       Dagger            |       |       |    20 ||    20
 Cast: Flame Tongue      |    71 |   101 |   171 ||   343
       Conjure Flame     |     2 |    10 |    15 ||    27
       Inner Flame       |     1 |     3 |    14 ||    18
       Fireball          |       |       |     9 ||     9
Evoke: Wand              |       |       |     5 ||     5
  Use: Scroll            |     3 |       |    20 ||    23
       Potion            |       |     1 |     4 ||     5
  Eat: Chunk             |     1 |     8 |    16 ||    25
       Bread ration      |       |       |     1 ||     1
       Fruit             |       |       |     1 ||     1
